TOP OF THE 1ST |
North Carolina Tar Heels batting - Pitching for Purdue Boilermakers : LHP César Galván
|
Pitching: LHP César Galván
|
|
Batting: RHB Derek Scott
|
0-0: SINGLE (Flyball, 78S)
|
Batting: LHB Joe Spears
|
0-0: Called Strike 0-1: Foul Ball, location: 2F 0-2: Ball 1-2: Ball 2-2: Ground out U3 (Groundball, 34S) Derek Scott to second
|
Batting: LHB José Morales
|
0-0: Ball 1-0: Ball 2-0: Ball 3-0: Called Strike 3-1: Base on Balls
|
Batting: LHB Will Robinson
|
0-0: Ball 1-0: SINGLE (Flyball, 78S) Derek Scott to third José Morales to second Runner from 3rd tries for Home, SAFE, no throw
|
Batting: SHB Rod Good
|
0-0: Ball 1-0: Ball 2-0: Ball 3-0: Called Strike 3-1: Swinging Strike 3-2: Strikes out swinging
|
Batting: RHB Stan Crosby
|
0-0: Swinging Strike 0-1: Ball 1-1: Ball 2-1: Fielders Choice at 2nd, 6-4 (Groundball, 6)
|
Top of the 1st over - 1 run(s), 2 hit(s), 0 error(s), 1 left on base; North Carolina 1 - Purdue 0 |
BOTTOM OF THE 1ST |
Purdue Boilermakers batting - Pitching for North Carolina Tar Heels : LHP Gene Johnston
|
Pitching: LHP Gene Johnston
|
|
Batting: RHB Bill Gilmore
|
0-0: Ball 1-0: Foul Ball, location: 2F 1-1: Ball 2-1: SINGLE (Groundball, 4MD)
|
Batting: RHB Jim MacAchounich
|
0-0: Ball 1-0: Ball Wild Pitch! Bill Gilmore to second 2-0: Called Strike 2-1: Fly out, F6 (Popup, 6MD)
|
Batting: LHB Rodney Harrison
|
0-0: Ground out U3 (Groundball, 34) Bill Gilmore to third
|
Batting: RHB Jorge Molina
|
0-0: Ball 1-0: Ball 2-0: Foul Ball, location: 2F 2-1: Fly out, F9 (Line Drive, 89M)
|
Bottom of the 1st over - 0 run(s), 1 hit(s), 0 error(s), 1 left on base; North Carolina 1 - Purdue 0 |
TOP OF THE 2ND |
North Carolina Tar Heels batting - Pitching for Purdue Boilermakers : LHP César Galván
|
Batting: RHB Jeff Navarro
|
0-0: Swinging Strike 0-1: Foul Ball, location: 2F 0-2: Strikes out swinging
|
Batting: LHB Kirby Hurst
|
0-0: Ball 1-0: Ground out 4-3 (Groundball, 4MD)
|
Batting: RHB Mauro Vargas
|
0-0: Ball 1-0: Called Strike 1-1: Called Strike 1-2: Ball 2-2: Strikes out swinging
|
Top of the 2nd over - 0 run(s), 0 hit(s), 0 error(s), 0 left on base; North Carolina 1 - Purdue 0 |
BOTTOM OF THE 2ND |
Purdue Boilermakers batting - Pitching for North Carolina Tar Heels : LHP Gene Johnston
|
Batting: LHB Joe Kent
|
0-0: Ground out U3 (Groundball, 3)
|
Batting: RHB Joe Meads
|
0-0: Ball 1-0: Called Strike 1-1: Swinging Strike 1-2: Ball 2-2: SINGLE (Groundball, 6MD)
|
Batting: RHB Javier Moreno
|
0-0: Called Strike Joe Meads steals 2nd base 0-1: Foul Ball, location: 2F 0-2: Ball 1-2: Foul Ball, location: 2F 1-2: Ball 2-2: Ball 3-2: Foul Ball, location: 2F 3-2: Base on Balls
|
Batting: SHB Bryan Atkins
|
0-0: Ball 1-0: Fly out, F9 (Flyball, 9LS)
|
Batting: SHB Darren Campbell
|
0-0: Ball 1-0: Called Strike 1-1: Reached on error, E5 (Groundball, 56S) Joe Meads scores Javier Moreno to third
|
Batting: RHB Bill Gilmore
|
0-0: Swinging Strike 0-1: SINGLE (Groundball, 6D) Javier Moreno scores Darren Campbell to third Runner from 3rd tries for Home, SAFE, no throw
|
Batting: RHB Jim MacAchounich
|
0-0: SINGLE (Line Drive, 6MD) Bill Gilmore to second
|
Batting: LHB Rodney Harrison
|
0-0: Swinging Strike 0-1: Foul Ball, location: 2F 0-2: Foul Ball, location: 2F 0-2: Foul Ball, location: 2F 0-2: Ball 1-2: Fly out, F7 (Line Drive, 7)
|
Bottom of the 2nd over - 3 run(s), 3 hit(s), 1 error(s), 2 left on base; North Carolina 1 - Purdue 3 |
TOP OF THE 3RD |
North Carolina Tar Heels batting - Pitching for Purdue Boilermakers : LHP César Galván
|
Batting: RHB Derek Scott
|
0-0: Swinging Strike 0-1: Ball 1-1: Called Strike 1-2: Ball 2-2: Strikes out swinging, 2-3 out at first.
|
Batting: LHB Joe Spears
|
0-0: Ball 1-0: Ball 2-0: Ball 3-0: Called Strike 3-1: Base on Balls
|
Batting: LHB José Morales
|
0-0: Ball 1-0: SINGLE (Flyball, 8LS) Joe Spears to second
|
Batting: LHB Will Robinson
|
0-0: Called Strike 0-1: Foul Ball, location: 2F 0-2: Ball 1-2: Ball 2-2: Ball 3-2: Foul Ball, location: 2F 3-2: Strikes out swinging
|
Batting: SHB Rod Good
|
0-0: Called Strike 0-1: Ball 1-1: SINGLE (Flyball, 78S) Joe Spears to third José Morales to second Runner from 3rd tries for Home, SAFE, no throw
|
Batting: RHB Stan Crosby
|
0-0: Foul Ball, location: 2F 0-1: Ball 1-1: Called Strike 1-2: Strikes out swinging
|
Top of the 3rd over - 1 run(s), 2 hit(s), 0 error(s), 2 left on base; North Carolina 2 - Purdue 3 |
BOTTOM OF THE 3RD |
Purdue Boilermakers batting - Pitching for North Carolina Tar Heels : LHP Gene Johnston
|
Batting: RHB Jorge Molina
|
0-0: Ball 1-0: Ball 2-0: Ball 3-0: SOLO HOME RUN (Flyball, 89XD), Distance : 411 ft
|
Batting: LHB Joe Kent
|
0-0: Foul Ball, location: 2F 0-1: Foul Ball, location: 2F 0-2: Ball 1-2: Fly out, F9 (Flyball, 9LS)
|
Batting: RHB Joe Meads
|
0-0: Called Strike 0-1: Ball 1-1: Ball 2-1: Ball 3-1: SINGLE (Line Drive, 78M)
|
Batting: RHB Javier Moreno
|
0-0: Ball Joe Meads is caught stealing 2nd base 1-0: Ground out 4-3 (Groundball, 4)
|
Bottom of the 3rd over - 1 run(s), 2 hit(s), 0 error(s), 0 left on base; North Carolina 2 - Purdue 4 |
TOP OF THE 4TH |
North Carolina Tar Heels batting - Pitching for Purdue Boilermakers : LHP César Galván
|
Batting: RHB Jeff Navarro
|
0-0: Ball 1-0: Ball 2-0: Ball 3-0: Called Strike 3-1: Base on Balls
|
Batting: LHB Kirby Hurst
|
0-0: Ball 1-0: Foul Ball, location: 2F 1-1: Swinging Strike 1-2: Foul Ball, location: 2F 1-2: Strikes out swinging
|
Batting: RHB Mauro Vargas
|
0-0: Ball 1-0: SINGLE (Groundball, 6MD) Jeff Navarro to second
|
Batting: RHB Derek Scott
|
0-0: Called Strike 0-1: Ball 1-1: SINGLE (Groundball, 56D) Jeff Navarro to third Mauro Vargas to second Runner from 3rd tries for Home, SAFE, throw made home Mauro Vargas to third Derek Scott to second
|
Batting: LHB Joe Spears
|
0-0: Foul Ball, location: 2F 0-1: Fly out, F7 (Flyball, 7)
|
Batting: LHB José Morales
|
0-0: Foul Ball, location: 2F 0-1: Foul Ball, location: 2F 0-2: Ball 1-2: Ball 2-2: Foul Ball, location: 2F 2-2: Ball 3-2: SINGLE (Line Drive, 89S) Mauro Vargas scores Derek Scott to third Derek Scott scores
|
Pitching: RHP Bob Dickerson
|
|
Batting: LHB Will Robinson
|
0-0: Swinging Strike 0-1: Called Strike 0-2: Foul Ball, location: 2F 0-2: Ground out 4-3 (Groundball, 34)
|
Top of the 4th over - 3 run(s), 3 hit(s), 0 error(s), 1 left on base; North Carolina 5 - Purdue 4 |
BOTTOM OF THE 4TH |
Purdue Boilermakers batting - Pitching for North Carolina Tar Heels : LHP Gene Johnston
|
Batting: SHB Bryan Atkins
|
0-0: Ball 1-0: Ball 2-0: Ground out 6-3 (Groundball, 6)
|
Batting: SHB Darren Campbell
|
0-0: Called Strike 0-1: Swinging Strike 0-2: Ball 1-2: Strikes out swinging
|
Batting: RHB Bill Gilmore
|
0-0: Single, Error in OF, E8, batter to second base
|
Batting: RHB Jim MacAchounich
|
0-0: Called Strike 0-1: Ball 1-1: Ball 2-1: Foul Ball, location: 2F 2-2: Ball 3-2: Strikes out swinging
|
Bottom of the 4th over - 0 run(s), 1 hit(s), 1 error(s), 1 left on base; North Carolina 5 - Purdue 4 |
TOP OF THE 5TH |
North Carolina Tar Heels batting - Pitching for Purdue Boilermakers : RHP Bob Dickerson
|
Batting: SHB Rod Good
|
0-0: Ball 1-0: Ball 2-0: Ball 3-0: Foul Ball, location: 2F 3-1: Called Strike 3-2: Foul Ball, location: 2F 3-2: Strikes out swinging
|
Batting: RHB Stan Crosby
|
0-0: Called Strike 0-1: Called Strike 0-2: Strikes out looking
|
Batting: RHB Jeff Navarro
|
0-0: Swinging Strike 0-1: Swinging Strike 0-2: Strikes out swinging
|
Top of the 5th over - 0 run(s), 0 hit(s), 0 error(s), 0 left on base; North Carolina 5 - Purdue 4 |
BOTTOM OF THE 5TH |
Purdue Boilermakers batting - Pitching for North Carolina Tar Heels : LHP Gene Johnston
|
Batting: LHB Rodney Harrison
|
0-0: Ball 1-0: Ball 2-0: Ball 3-0: Foul Ball, location: 2F 3-1: Base on Balls
|
Batting: RHB Jorge Molina
|
0-0: Called Strike 0-1: Fly out, F7 (Flyball, 78S)
|
Batting: LHB Joe Kent
|
0-0: Reached on error, E8 (Flyball, 8RM) Rodney Harrison to second
|
Batting: RHB Joe Meads
|
0-0: Foul Ball, location: 2F 0-1: Fly out, F2 (Popup, 56S)
|
Pitching: RHP Tom Keeney
|
|
Batting: RHB Javier Moreno
|
0-0: Ground out 4-3 (Groundball, 4S)
|
Bottom of the 5th over - 0 run(s), 0 hit(s), 1 error(s), 2 left on base; North Carolina 5 - Purdue 4 |
TOP OF THE 6TH |
North Carolina Tar Heels batting - Pitching for Purdue Boilermakers : RHP Bob Dickerson
|
Batting: LHB Kirby Hurst
|
0-0: Swinging Strike 0-1: Fly out, F8 (Line Drive, 8RS)
|
Batting: RHB Mauro Vargas
|
0-0: Ball 1-0: Called Strike 1-1: Foul Ball, location: 2F 1-2: Ball 2-2: Ball 3-2: Base on Balls
|
Batting: RHB Derek Scott
|
0-0: DOUBLE (Flyball, 89D) Mauro Vargas to third Mauro Vargas scores
|
Batting: LHB Joe Spears
|
0-0: Called Strike 0-1: Swinging Strike 0-2: Foul Ball, location: 2F 0-2: Ball 1-2: Strikes out swinging, 2-3 out at first.
|
Batting: LHB José Morales
|
0-0: Ball 1-0: Called Strike 1-1: Ball 2-1: Ground out 4-3 (Groundball, 4)
|
Top of the 6th over - 1 run(s), 1 hit(s), 0 error(s), 1 left on base; North Carolina 6 - Purdue 4 |
BOTTOM OF THE 6TH |
Purdue Boilermakers batting - Pitching for North Carolina Tar Heels : RHP Tom Keeney
|
Batting: SHB Bryan Atkins
|
0-0: SINGLE (Line Drive, 89S)
|
Batting: SHB Darren Campbell
|
0-0: Called Strike 0-1: Swinging Strike 0-2: SINGLE (Groundball, 23) (infield hit) Bryan Atkins to second
|
Batting: RHB Bill Gilmore
|
0-0: Called Strike 0-1: SINGLE (Line Drive, 4MD) Bryan Atkins to third Darren Campbell to second
|
Batting: RHB Jim MacAchounich
|
0-0: Ball 1-0: Called Strike 1-1: Foul Ball, location: 2F 1-2: Ball 2-2: Grounds into double play, 4-6-3 (Groundball, 4) Bryan Atkins scores Darren Campbell to third
|
Batting: LHB Rodney Harrison
|
0-0: Called Strike 0-1: Ball 1-1: Called Strike 1-2: Strikes out looking
|
Bottom of the 6th over - 1 run(s), 3 hit(s), 0 error(s), 1 left on base; North Carolina 6 - Purdue 5 |
TOP OF THE 7TH |
North Carolina Tar Heels batting - Pitching for Purdue Boilermakers : RHP Bob Dickerson
|
Batting: LHB Will Robinson
|
0-0: Called Strike 0-1: Ball 1-1: SINGLE (Line Drive, 9S)
|
Batting: SHB Rod Good
|
0-0: Called Strike 0-1: Foul Ball, location: 2F 0-2: Strikes out swinging
|
Batting: RHB Stan Crosby
|
0-0: SINGLE (Line Drive, 7S) Will Robinson to second
|
Batting: RHB Jeff Navarro
|
0-0: Ball 1-0: Ball 2-0: DOUBLE (Flyball, 8LD) Will Robinson scores Stan Crosby to third Runner from 3rd tries for Home, SAFE, throw made home
|
Pitching: RHP Jonathan Clark
|
|
Batting: LHB Kirby Hurst
|
0-0: Ball 1-0: Ball 2-0: Ball 3-0: Base on Balls
|
Batting: RHB Mauro Vargas
|
0-0: Ball 1-0: Ball 2-0: Ball 3-0: Base on Balls Jeff Navarro to third Kirby Hurst to second
|
Batting: RHB Derek Scott
|
0-0: Foul Ball, location: 2F 0-1: Swinging Strike 0-2: Grounds into fielders choice 6-2 (Groundball, 6) Kirby Hurst to third Mauro Vargas to second
|
Batting: LHB Joe Spears
|
0-0: Swinging Strike 0-1: Fielders Choice at 2nd, 6-4 (Groundball, 6)
|
Top of the 7th over - 2 run(s), 3 hit(s), 0 error(s), 2 left on base; North Carolina 8 - Purdue 5 |
BOTTOM OF THE 7TH |
Purdue Boilermakers batting - Pitching for North Carolina Tar Heels : RHP Tom Keeney
|
Batting: RHB Jorge Molina
|
0-0: Called Strike 0-1: Swinging Strike 0-2: Ball 1-2: Ball 2-2: Strikes out swinging
|
Batting: LHB Joe Kent
|
0-0: Fly out, F3 (Line Drive, 3S)
|
Batting: RHB Joe Meads
|
0-0: Ball 1-0: Ball 2-0: Ball 3-0: Called Strike 3-1: Base on Balls
|
Batting: RHB Javier Moreno
|
0-0: Ball 1-0: Fly out, F8 (Line Drive, 78M)
|
Bottom of the 7th over - 0 run(s), 0 hit(s), 0 error(s), 1 left on base; North Carolina 8 - Purdue 5 |
TOP OF THE 8TH |
North Carolina Tar Heels batting - Pitching for Purdue Boilermakers : RHP Jonathan Clark
|
Batting: LHB José Morales
|
0-0: Foul Ball, location: 2F 0-1: Ball 1-1: Foul Ball, location: 2F 1-2: Ball 2-2: Ball 3-2: SINGLE (Flyball, 8LS)
|
Batting: LHB Will Robinson
|
0-0: Ball 1-0: Called Strike 1-1: Called Strike 1-2: SINGLE (Groundball, 4) (infield hit) José Morales to second
|
Batting: SHB Rod Good
|
0-0: Called Strike 0-1: Ball 1-1: Ball 2-1: Called Strike 2-2: Strikes out looking
|
Batting: RHB Stan Crosby
|
0-0: Ball 1-0: Swinging Strike 1-1: Ball 2-1: Foul Ball, location: 2F 2-2: Fly out, F7 (Flyball, 7)
|
Batting: RHB Jeff Navarro
|
0-0: Ball 1-0: Foul Ball, location: 2F 1-1: Ball 2-1: Called Strike 2-2: TRIPLE (Flyball, 89D) José Morales scores Will Robinson scores
|
Pitching: LHP Christian Rousseau
|
|
Batting: LHB Kirby Hurst
|
0-0: Ball 1-0: Fly out, F7 (Flyball, 7)
|
Top of the 8th over - 2 run(s), 3 hit(s), 0 error(s), 1 left on base; North Carolina 10 - Purdue 5 |
BOTTOM OF THE 8TH |
Purdue Boilermakers batting - Pitching for North Carolina Tar Heels : RHP Tom Keeney
|
Batting: SHB Bryan Atkins
|
0-0: Ball 1-0: Ball 2-0: Ball 3-0: Base on Balls
|
Batting: SHB Darren Campbell
|
0-0: Foul Ball, location: 2F 0-1: Foul Ball, location: 2F 0-2: Strikes out swinging
|
Batting: RHB Bill Gilmore
|
0-0: Called Strike 0-1: Called Strike 0-2: Strikes out swinging
|
Batting: RHB Jim MacAchounich
|
0-0: Called Strike 0-1: Ball 1-1: Ball 2-1: Foul Ball, location: 2F 2-2: Foul Ball, location: 2F 2-2: Ball 3-2: Base on Balls Bryan Atkins to second
|
Batting: LHB Rodney Harrison
|
0-0: Ball 1-0: Ball 2-0: Called Strike 2-1: Ball 3-1: Foul Ball, location: 2F 3-2: Base on Balls Bryan Atkins to third Jim MacAchounich to second
|
Batting: RHB Jorge Molina
|
0-0: Called Strike 0-1: Ball 1-1: Ground out 1-3 (Groundball, P)
|
Bottom of the 8th over - 0 run(s), 0 hit(s), 0 error(s), 3 left on base; North Carolina 10 - Purdue 5 |
TOP OF THE 9TH |
North Carolina Tar Heels batting - Pitching for Purdue Boilermakers : LHP Christian Rousseau
|
Batting: RHB Mauro Vargas
|
0-0: Foul Ball, location: 2F 0-1: Called Strike 0-2: Foul Ball, location: 2F 0-2: Strikes out looking
|
Batting: RHB Derek Scott
|
0-0: Fly out, F8 (Flyball, 8LS)
|
Batting: LHB Joe Spears
|
0-0: Foul Ball, location: 2F 0-1: Swinging Strike 0-2: Fly out, F8 (Flyball, 8RS)
|
Top of the 9th over - 0 run(s), 0 hit(s), 0 error(s), 0 left on base; North Carolina 10 - Purdue 5 |
BOTTOM OF THE 9TH |
Purdue Boilermakers batting - Pitching for North Carolina Tar Heels : RHP Tom Keeney
|
Pitching: RHP Marvin Dixon
|
|
Batting: LHB Joe Kent
|
0-0: Ball 1-0: Foul Ball, location: 2F 1-1: Ball 2-1: Foul Ball, location: 2F 2-2: Ball 3-2: Strikes out swinging
|
Batting: RHB Joe Meads
|
0-0: SINGLE (Flyball, 89S)
|
Batting: RHB Javier Moreno
|
0-0: Called Strike 0-1: Called Strike 0-2: 2-RUN HOME RUN (Flyball, 7D), Distance : 393 ft
|
Pitching: RHP Daniel Gibson
|
|
Batting: SHB Bryan Atkins
|
0-0: Foul Ball, location: 2F 0-1: Foul Ball, location: 2F 0-2: Ball 1-2: Strikes out swinging
|
Batting: SHB Darren Campbell
|
0-0: Foul Ball, location: 2F 0-1: Swinging Strike 0-2: Foul Ball, location: 2F 0-2: Strikes out swinging
|
Bottom of the 9th over - 2 run(s), 2 hit(s), 0 error(s), 0 left on base; North Carolina 10 - Purdue 7 |
|